 Dungeon Sprint DCSS version 0.30.1-4-g462c640d31 (webtiles) character file.

Game seed: 8897334547066958216

13266 Heoruswealwe the Sorcerer (level 11, -7/52 (54) HPs)
             Began as a Deep Elf Conjurer on Sept 15, 2023.
             Was an Initiate of Gozag.
             Mangled by a golden dragon (33 damage)
             ... in the Dungeon (Sprint I: "Red Sonja").
             The game lasted 00:38:13 (2118 turns).

Heoruswealwe the Sorcerer (Deep Elf Conjurer)       Turns: 2118, Time: 00:38:14

HP:   -7/52 (54)    AC:  6    Str:  8    XL:     11   Next: 73%
MP:   43/49         EV: 13    Int: 49    God:    Gozag
Gold: 2204          SH:  0    Dex: 18    Spells: 46/62 levels left

rFire   + + .        a - +6 Majin-Bo {spellvamp, MP+6 Int+6}
rCold   . . .        (no shield)
rNeg    . . .        c - +0 robe "Sutoc" {*Corrode Int+10}
rPois   +            g - +1 hat {SInv}
rElec   .            h - +0 cloak
rCorr   .            f - +0 pair of gloves
SInv    +            e - +0 pair of boots of Yesterday {rF+}
Will    +....        (no amulet)
Stlth   ++           k - ring of Qeugak {Fly rPois Str-2 Dex+5}
HPRegen 0.28/turn    j - ring of Dopew {rF+ Str+6 Int+5}
MPRegen 0.31/turn

%: no teleportation, corrode self (3%)
@: flying, lightly drained
A: no striking features
a: Renounce Religion, Potion Petition, Call Merchant, Bribe Branch


You were in the Dungeon.
You worshipped Gozag.
Gozag was most pleased with you.
You visited 1 branch You collected 5504 gold pieces.
You spent 3270 gold pieces at shops.
You donated 30 gold pieces to Zin.

Inventory:

Hand Weapons
 a - the +6 Majin-Bo (weapon) {spellvamp, MP+6 Int+6}
   (You acquired it in the Dungeon)

   Int:       It affects your intelligence (+6).
   MP:        It affects your magic capacity (+6).
Armour
 c - the +0 robe "Sutoc" (worn) {*Corrode Int+10}
   (You bought it in a shop in the Dungeon)

   Int:       It affects your intelligence (+10).
   *Corrode:  It may corrode you when you take damage.
 e - the +0 pair of boots of Yesterday (worn) {rF+}
   (You bought it in a shop in the Dungeon)

   rF:        It protects you from fire.
 f - a +0 pair of gloves (worn)
 g - a +1 hat of see invisible (worn)
 h - a +0 cloak (worn)
Jewellery
 j - the ring of Dopew (right hand) {rF+ Str+6 Int+5}
   (You bought it in a shop in the Dungeon)

   [ring of strength]

   Str:       It affects your strength (+6).
   Int:       It affects your intelligence (+5).
   rF:        It protects you from fire.
 k - the ring of Qeugak (left hand) {Fly rPois Str-2 Dex+5}
   (You bought it in a shop in the Dungeon)

   [ring of flight]

   Str:       It affects your strength (-2).
   Dex:       It affects your dexterity (+5).
   rPois:     It protects you from poison.
   Fly:       It grants you flight.
Scrolls
 d - a scroll of amnesia {unknown}
 i - a scroll of summoning {unknown}
 l - 2 scrolls of identify {unknown}
 p - 2 scrolls of enchant weapon {unknown}
 q - a scroll of brand weapon {unknown}
Potions
 b - 5 potions of curing
 m - a potion of lignification {unknown}
 n - 2 potions of magic
 o - 3 potions of haste


   Skills:
 - Level 2.4 Dodging
 - Level 2.4 Stealth
 + Level 26.0 Spellcasting
 + Level 22.6 Conjurations


You had 46 spell levels left.
You knew the following spells:

 Your Spells              Type           Power      Damage    Failure   Level
a - Magic Dart            Conj           100%       1d8       0%          1
b - Searing Ray           Conj           100%       2d8       0%          2
c - Momentum Strike       Conj/Tloc      100%       3d10      0%          2
d - Dazzling Flash        Conj/Hex       100%       N/A       0%          3
e - Iskenderun's Mystic   Conj/Tloc      100%       2d19      1%          4
f - Fulminant Prism       Conj/Hex       54%        3d22      1%          4

Your spell library contained the following spells:

 Spells                   Type           Power      Damage    Failure   Level
 Blink                    Tloc           100%       N/A       1%          2
 Lesser Beckoning         Tloc           100%       N/A       1%          2


Dungeon Overview and Level Annotations

Branches:
Dungeon (1/1)

Altars:
Cheibriados
Dithmenos
Elyvilon
Fedhas
Gozag
Hepliaklqana
Kikubaaqudgha
Makhleb
Nemelex Xobeh
Okawaru
Qazlal
Ru
Sif Muna
Trog
Uskayaw
Vehumet
Wu Jian
Xom
Yredelemnul
Zin
The Shining One
Jiyva
Lugonu

Shops:
D [[[[[*=(*:=[?[=[*?*[(


Message History

A shadow dragon and a golden dragon come into view.
The golden dragon roars deafeningly!
Found 54 gold pieces.
Found a Fen Folio, a runed halberd and 81 gold pieces.
There is an open door here.
You aren't carrying any items that you can evoke.
Casting: Iskenderun's Mystic Blast (safe; 1% risk of failure)
Confirm with . or Enter, or press ? or * to list all spells.
You don't know that spell.
Casting: Iskenderun's Mystic Blast (safe; 1% risk of failure)
Confirm with . or Enter, or press ? or * to list all spells.
You don't know that spell.
Casting: Iskenderun's Mystic Blast (safe; 1% risk of failure)
Confirm with . or Enter, or press ? or * to list all spells.
Aiming: Fulminant Prism (safe; 1% risk of failure)
Press: ? - help, Dir - move target You conjure a prism of explosive energy!
A fulminant prism comes into view.
The golden dragon breathes fire at you. The bolt of fire misses you.
Found 54 gold pieces.
Casting: Fulminant Prism (safe; 1% risk of failure)
Confirm with . or Enter, or press ? or * to list all spells.
Aiming: Searing Ray (safe; 0% risk of failure)
Press: ? - help, Shift-Dir - straight line, f - shadow dragon
Aim: a shadow dragon (purple smoke, 83% to hit)
The searing ray hits the shadow dragon!
The shadow dragon is lightly wounded. (Press . to maintain the ray.)
You hear a loud crackle.
You feel better.
You hear an explosion!
Found 135 gold pieces.
Found 162 gold pieces.
Found five items.
The shadow dragon bites you!
You feel drained. The shadow dragon claws you!
The shadow dragon barely misses you. The golden dragon bites you!!
Ouch! That really hurt!
You die...
Your body crumbles into a pile of gold. §.§§##..'.§#§§§§## $$$$$$ §§.#######+#§§§§§# $$$$ ##+# $ #....§#$$$ $$$$ $$$ ##.§§§# $$$$ $ ###+##$$$ $$$$

$ $
#§####+#$$$$ $
##§#....##$$$
$
##..§.§...##$$
#..§@D.....#$$
#....D.§..§# $
$
#......:....§


$$$$ #.....§....§§ $ $$$$ ##..........# $ $ #$$$$$$$$$$#$$ ##$$$$$$$$##$$
##?!$?)[##$$$ $$ You could see a shadow dragon and a golden dragon.

Vanquished Creatures
  A hydra (D)
  2 centaur warriors (D)
  Sonja (D)
  A deep troll (D)
  A lindwurm (D)
  An oklob plant (D)
  8 shining eyes (D)
  4 demonic crawlers (D)
  2 kobold demonologists (D)
  2 unseen horrors (D)
  A hornet (D)
  Sigmund (D)
  A slime creature (D)
  A yak (D)
  13 hogs (D)
  2 redbacks (D)
  7 floating eyes (D)
  An ogre (D)
  7 necrophages (D)
  8 jellies (D)
  Ijyb (D)
  2 ballistomycete spores (D)
68 creatures vanquished.

Vanquished Creatures (others)
  6 fulminant prisms (D)
6 creatures vanquished.

Grand Total: 74 creatures vanquished

Notes
Turn   | Place    | Note
-------+----------+-------------------------------------------
     0 | D        | Heoruswealwe the Deep Elf Conjurer began the quest for the
                  | Orb.
     0 | D        | Reached XP level 1. HP: 10/10 MP: 6/6
     1 | D        | Noticed Ijyb
    12 | D        | Killed Ijyb
    13 | D        | Reached skill level 6 in Spellcasting
    13 | D        | Reached XP level 2. HP: 13/15 MP: 7/11
    21 | D        | Learned a level 2 spell: Searing Ray
    59 | D        | Noticed an ogre
    64 | D        | Killed an ogre
    65 | D        | Reached skill level 9 in Spellcasting
    65 | D        | Reached XP level 3. HP: 19/19 MP: 11/15
    65 | D        | Reached XP level 4. HP: 24/24 MP: 12/17
    69 | D        | Learned a level 3 spell: Dazzling Flash
    74 | D        | Learned a level 4 spell: Fulminant Prism
    79 | D        | Learned a level 4 spell: Iskenderun's Mystic Blast
    99 | D        | Noticed Sigmund
   102 | D        | Killed Sigmund
   103 | D        | Reached skill level 11 in Spellcasting
   103 | D        | Reached skill level 10 in Conjurations
   103 | D        | Reached XP level 5. HP: 24/28 MP: 18/21
   103 | D        | Reached XP level 6. HP: 28/32 MP: 18/22
   125 | D        | Found an ornate altar of the Wu Jian Council.
   125 | D        | Found a shimmering blue altar of Sif Muna.
   129 | D        | Reached skill level 12 in Spellcasting
   129 | D        | Found a radiant altar of Vehumet.
   155 | D        | Found Ramny's Armour Emporium.
   155 | D        | Found an ancient bone altar of Kikubaaqudgha.
   155 | D        | Found a hazy altar of Hepliaklqana.
   155 | D        | Found a stormy altar of Qazlal.
   155 | D        | Found a hide-covered altar of Uskayaw.
   155 | D        | Found a blossoming altar of Fedhas.
   155 | D        | Found a bloodstained altar of Trog.
   155 | D        | Found an iron altar of Okawaru.
   155 | D        | Found a basalt altar of Yredelemnul.
   155 | D        | Found a glowing golden altar of the Shining One.
   155 | D        | Found a snail-covered altar of Cheibriados.
   155 | D        | Found a sacrificial altar of Ru.
   155 | D        | Found a glowing silver altar of Zin.
   155 | D        | Found a shadowy altar of Dithmenos.
   155 | D        | Found a white marble altar of Elyvilon.
   155 | D        | Noticed a yak
   163 | D        | Killed a yak
   164 | D        | Reached skill level 13 in Spellcasting
   166 | D        | Found an opulent altar of Gozag.
   167 | D        | Found a sparkling altar of Nemelex Xobeh.
   172 | D        | Became a worshipper of Zin the Law-Giver
   172 | D        | Reached * piety under Zin
   172 | D        | Reached ** piety under Zin
   172 | D        | Reached *** piety under Zin
   172 | D        | Reached **** piety under Zin
   172 | D        | Reached ***** piety under Zin
   172 | D        | Reached ****** piety under Zin
   222 | D        | Noticed Sonja
   227 | D        | Killed Sonja
   228 | D        | Reached skill level 16 in Spellcasting
   228 | D        | Reached XP level 7. HP: 36/36 MP: 15/28
   233 | D        | Noticed a deep troll
   244 | D        | Killed a deep troll
   245 | D        | Reached skill level 17 in Spellcasting
   245 | D        | Reached skill level 15 in Conjurations
   245 | D        | Reached XP level 8. HP: 29/41 MP: 21/31
   267 | D        | Found Fajooc Nupu's Armour Emporium.
   297 | D        | Found Vocelom's Antique Armour Boutique.
   310 | D        | Learned a level 2 spell: Momentum Strike
   311 | D        | Noticed a shining eye
   311 | D        | Noticed a shining eye
   311 | D        | Noticed a shining eye
   311 | D        | Noticed a shining eye
   311 | D        | Noticed a shining eye
   311 | D        | Noticed a shining eye
   313 | D        | Noticed a shining eye
   313 | D        | Noticed a shining eye
   316 | D        | Paralysed by a floating eye for 4 turns
   322 | D        | Paralysed by a floating eye for 3 turns
   327 | D        | Reached skill level 18 in Spellcasting
   342 | D        | Killed a shining eye
   342 | D        | Killed a shining eye
   342 | D        | Killed a shining eye
   342 | D        | Killed a shining eye
   342 | D        | Killed a shining eye
   343 | D        | Reached skill level 20 in Spellcasting
   343 | D        | Reached XP level 9. HP: 45/45 MP: 19/35
   351 | D        | Killed a shining eye
   351 | D        | Killed a shining eye
   352 | D        | Reached skill level 21 in Spellcasting
   352 | D        | Reached XP level 10. HP: 50/50 MP: 18/37
   354 | D        | Killed a shining eye
   370 | D        | Fell from the grace of Zin
   370 | D        | Became a worshipper of Gozag Ym Sagoz the Greedy
   435 | D        | Found Gahudghad's Antique Armour Shoppe.
   435 | D        | Found Kuvvacw's Armour Shop.
   435 | D        | Found Foafudda's Armour Emporium.
   435 | D        | Found Dacawoush's Assorted Antiques.
   449 | D        | Bought a scroll labelled POWKUOT ITE for 26 gold pieces
   496 | D        | Found a burning altar of Makhleb.
   496 | D        | Found a viscous altar of Jiyva.
   496 | D        | Found a shimmering altar of Xom.
   496 | D        | Found a corrupted altar of Lugonu.
   501 | D        | Reached skill level 22 in Spellcasting
   622 | D        | Noticed a centaur warrior
   622 | D        | Noticed a centaur warrior
   630 | D        | Killed a centaur warrior
   630 | D        | Killed a centaur warrior
   631 | D        | Reached skill level 23 in Spellcasting
   724 | D        | Noticed an oklob plant
   729 | D        | Killed an oklob plant
   810 | D        | Reached XP level 11. HP: 54/54 MP: 31/40
   892 | D        | Reached skill level 24 in Spellcasting
  1195 | D        | Found Reunges's Antique Weapon Shoppe.
  1195 | D        | Found Aduoqapsu's Jewellery Shop.
  1195 | D        | Found Nepuh's General Store.
  1201 | D        | Found Xoschurph's Magic Scroll Boutique.
  1201 | D        | Found Doeshr Soima's Weapon Emporium.
  1201 | D        | Found Vulebb's General Store.
  1203 | D        | Found Xedearch's General Store.
  1203 | D        | Found Vaefayrch's Antique Armour Shoppe.
  1203 | D        | Found Ivagol's Jewellery Shop.
  1203 | D        | Found Huofuah's Armour Emporium.
  1203 | D        | Found Memoidyth's Magic Scroll Boutique.
  1203 | D        | Found Xupeu's Antique Armour Shoppe.
  1203 | D        | Found Sais Suhappo's Jewellery Shop.
  1207 | D        | Found Loteu's Book Emporium.
  1228 | D        | Bought a scroll of acquirement for 728 gold pieces
  1232 | D        | Acquired the +6 Majin-Bo {spellvamp, MP+6 Int+6}
  1232 | D        | Found the +6 Majin-Bo {spellvamp, MP+6 Int+6}
  1286 | D        | Bought a +0 cloak for 58 gold pieces
  1326 | D        | Bought a +1 hat of see invisible for 224 gold pieces
  1384 | D        | Bought a +0 pair of gloves for 45 gold pieces
  1404 | D        | Bought a pair of embroidered boots for 187 gold pieces
  1427 | D        | Bought the +0 pair of boots of Yesterday {rF+} for 240 gold
                  | pieces
  1450 | D        | Bought an embroidered robe for 92 gold pieces
  1450 | D        | Bought a glowing robe for 92 gold pieces
  1499 | D        | Bought a runed robe for 92 gold pieces
  1525 | D        | Bought the +0 robe "Sutoc" {*Corrode Int+10} for 254 gold
                  | pieces
  1554 | D        | Bought the ring of Qeugak {Fly rPois Str-2 Dex+5} for 385
                  | gold pieces
  1771 | D        | Bought the ring of Dopew {rF+ Str+6 Int+5} for 847 gold
                  | pieces
  1826 | D        | Noticed a lindwurm
  1828 | D        | Killed a lindwurm
  1829 | D        | Reached skill level 25 in Spellcasting
  1944 | D        | Noticed a 12-headed hydra
  1947 | D        | Killed a 12-headed hydra
  1948 | D        | Reached skill level 26 in Spellcasting
  2112 | D        | Noticed a shadow dragon
  2112 | D        | Noticed a golden dragon
  2118 | D        | Mangled by a golden dragon

Illustrated notes

Levels and vault maps discovered:
D:        dungeon_sprint_1 [red_sonja_temple_1, red_sonja_temple_small_1]

Skill      XL: |  1  2  3  4  5  6  7  8  9 10 11 |
---------------+----------------------------------+-----
Spellcasting   | 6 9 11 16 17 20 21 23 26 | 26.0
Conjurations   | 6 8 10 14 15 18 20 22 | 22.6
Dodging        | |  2.4
Stealth        | |  2.4

Action                     |  1- 3 |  4- 6 |  7- 9 | 10-12 || total
---------------------------+-------+-------+-------+-------++-------
  Melee: Unarmed           |     8 |       |       |       ||     8
   Cast: Searing Ray       |       |     4 |     2 |     3 ||     9
         Fulminant Prism   |       |     2 |     1 |     3 ||     6
         Iskenderun's Myst |       |     1 |     8 |    49 ||    58
         Magic Dart        |       |       |       |     7 ||     7
  Evoke: Wand              |     4 |     3 |       |       ||     7
    Use: Potion            |     2 |       |     1 |       ||     3
         Scroll            |     1 |       |       |     1 ||     2
 Armour: Robe              |       |       |       |     4 ||     4
  Dodge: Dodged            |     3 |     1 |     1 |    11 ||    16
